 Dungeon Crawl Stone Soup version 0.21.0-30-g47ce8e4 (webtiles) character file.

324 seren the Magician (level 6, -1/45 HPs)
             Began as a Mummy Wizard on Jan 28, 2018.
             Slain by an iguana (6 damage)
             ... on level 4 of the Dungeon.
             The game lasted 00:20:45 (5467 turns).

seren the Magician (Mummy Wizard)                   Turns: 5467, Time: 00:20:46

Health: -1/45      AC:  3    Str: 11    XL:     6   Next: 23%
Magic:  7/13       EV: 12    Int: 19    God:
Gold:   188        SH:  0    Dex: 10    Spells: 6/15 levels left

rFire    . . .     SeeInvis .   h - +1 spear (freeze)
rCold    + . .     Gourm    .   (no shield)
rNeg     + + +     Faith    .   i - +0 robe
rPois    ∞         Spirit   .   p - +0 hat
rElec    .         Reflect  .   (no cloak)
rCorr    .         Harm     .   (no gloves)
MR       .....                  e - +0 pair of boots
Stlth    ++........             (no amulet)
HPRegen  0.15/turn              r - ring of protection from fire
MPRegen  0.13/turn              (no ring)

@: no status effects
A: no food or potions, fire vulnerability, cold resistance 1, negative energy
resistance 3, torment resistance, unbreathing
a: no special abilities


You were on level 4 of the Dungeon.
You were not hungry.

You visited 1 branch of the dungeon, and saw 4 of its levels.

You collected 188 gold pieces.

Inventory:

Hand Weapons
 a - a +4 whip of electrocution
 b - a +0 hunting sling
 h - a +1 spear of freezing (weapon)
 s - a +0 dagger
Missiles
 d - 74 sling bullets
 o - 122 stones (quivered)
Armour
 e - a +0 pair of boots (worn)
 i - a +0 robe (worn)
 p - a +0 hat (worn)
Jewellery
 r - a ring of protection from fire (left hand)
Scrolls
 f - 3 scrolls of remove curse
 g - 2 scrolls of teleportation {!r}
 j - a scroll of immolation {unknown}
 k - 3 scrolls of blinking {!r}
 l - a scroll of noise {unknown}
 q - a scroll of magic mapping {unknown}
 t - a scroll of enchant armour {unknown}
Books
 c - a book of Minor Magic

   Spells                             Type                      Level
   a - Magic Dart                     Conjuration                  1
   b - Blink                          Translocation                2
   c - Call Imp                       Summoning                    2
   d - Slow                           Hexes                        2
   e - Conjure Flame                  Conjuration/Fire             3
   f - Mephitic Cloud                 Conjuration/Poison/Air       3


   Skills:
 + Level 2.3 Fighting
 + Level 0.5 Maces & Flails
 - Level 1.5 Dodging
 - Level 2.4 Stealth
 + Level 5.0 Spellcasting
 + Level 2.2 Conjurations
   Level 0.7 Summonings
 - Level 0.7 Translocations
 + Level 1.4 Fire Magic
 + Level 1.3 Air Magic
 + Level 1.3 Poison Magic


You had 6 spell levels left.
You knew the following spells:

 Your Spells              Type           Power        Failure   Level  Hunger
a - Magic Dart            Conj           ##..         4%          1    N/A
b - Blink                 Tloc           N/A          14%         2    N/A
c - Conjure Flame         Conj/Fire      ##......     17%         3    N/A
d - Mephitic Cloud        Conj/Pois/Air  ##......     19%         3    N/A

Dungeon Overview and Level Annotations

Branches:
Dungeon (4/15)
 Temple: D:4-7

Altars:
The Shining One

Annotations:
D:2 exclusion: downstairs
D:3 exclusion: downstairs
D:4 exclusion: ogre


Innate Abilities, Weirdness & Mutations

You do not eat or drink.
Your flesh is vulnerable to fire.
You are immune to poison.
Your flesh is cold resistant. (rC+)
You are immune to negative energy. (rN+++)
You are immune to unholy pain and torment.
You can survive without breathing.


Message History

Aim: an iguana (heavily wounded)
The magic dart hits the iguana.
The iguana is heavily wounded.
The iguana bites you.
* * * LOW HITPOINT WARNING * * *
You hit the iguana.
The iguana seems to slow down.
You freeze the iguana.
The iguana is severely wounded.
The iguana bites you!
* * * LOW HITPOINT WARNING * * *
Casting: Magic Dart
Confirm with . or Enter, or press ? or * to list all spells.
Aiming: Magic Dart
Press: ? - help, Shift-Dir - straight line, f/p - iguana
Aim: an iguana (severely wounded, slow)
The magic dart hits the iguana.
The iguana is severely wounded.
You hit the iguana.
The iguana seems to slow down.
You freeze the iguana.
The iguana is almost dead.
The iguana bites you.
You die...

#.. #.# #.# #.# . # ###
#.# #.# .. #. ###.## #.#
#.# ..# #.. #.... ##.#
#.# a.# ...##...###..##
##.# ..#
.........##...###..##..#
#........##....l@.....#
...#..................#
.............###......#
..............##†........
.....#......##.##.....###
........##...#..##...##
.#........#...##.....#
#.....#.#....# ......
......##.....!# ......


You could see an iguana.

Vanquished Creatures
  3 orc wizards
  An orc priest (D:4)
  An iguana (D:4)
  2 worker ants
  4 gnolls (D:3)
  An adder (D:2)
  3 worms
  2 dart slugs
  4 leopard geckos (D:3)
  5 orcs
  6 giant cockroaches
  9 goblins
  6 hobgoblins
  7 jackals
  5 bats
  3 frilled lizards
  8 kobolds
  10 rats
80 creatures vanquished.

Notes
Turn   | Place    | Note
-------+----------+-------------------------------------------
     0 | D:1      | seren the Mummy Wizard began the quest for the Orb.
     0 | D:1      | Reached XP level 1. HP: 13/13 MP: 5/5
   177 | D:2      | Reached skill level 1 in Conjurations
   200 | D:2      | Reached XP level 2. HP: 18/20 MP: 0/7
   204 | D:2      | Learned a level 2 spell: Blink
   526 | D:1      | Reached skill level 1 in Fighting
  1520 | D:2      | Reached XP level 3. HP: 26/26 MP: 4/8
  1525 | D:2      | Learned a level 3 spell: Conjure Flame
  1529 | D:2      | Learned a level 3 spell: Mephitic Cloud
  2933 | D:3      | Reached XP level 4. HP: 32/32 MP: 7/10
  3365 | D:3      | Found a glowing golden altar of the Shining One.
  3955 | D:2      | Reached skill level 1 in Fire Magic
  3955 | D:2      | Reached XP level 5. HP: 32/38 MP: 7/11
  4305 | D:3      | Reached skill level 1 in Air Magic
  4481 | D:3      | Reached skill level 1 in Poison Magic
  4632 | D:4      | Noticed an ogre
  5163 | D:4      | Reached XP level 6. HP: 44/44 MP: 5/13
  5417 | D:4      | Reached skill level 5 in Spellcasting
  5467 | D:4      | Slain by an iguana

Skill      XL: |  1  2  3  4  5  6 |
---------------+-------------------+-----
Conjurations   | 1 2 |  2.2
Fighting       | 1 2 |  2.3
Stealth        | 2 |  2.4
Fire Magic     | 1 |  1.4
Air Magic      | 1 |  1.3
Poison Magic   | 1 |  1.3
Spellcasting   | 5 |  5.0
Maces & Flails | |  0.5
Dodging        | |  1.5
Summonings     | |  0.7
Translocations | |  0.7

Action                   |  1- 3 |  4- 6 || total
-------------------------+-------+-------++-------
Melee: Club              |     6 |       ||     6
       Dagger            |    29 |       ||    29
       Spear             |     4 |    74 ||    78
       Whip              |       |    19 ||    19
 Fire: Hunting sling     |    10 |    21 ||    31
 Cast: Magic Dart        |   112 |    54 ||   166
       Mephitic Cloud    |       |    13 ||    13
       Conjure Flame     |       |     2 ||     2
  Use: Scroll            |       |     8 ||     8
 Stab: Sleeping          |     2 |       ||     2
       Confused          |       |     1 ||     1
Armor: Robe              |    13 |     4 ||    17
Dodge: Dodged            |    57 |    39 ||    96
